 Dungeon Sprint DCSS version 0.16-a0-3596-g438c78e (webtiles) character file.

3278 BluebellGnoll the Cleaver (level 9, -8/77 HPs)
             Began as a Demonspawn Gladiator on Jan 12, 2015.
             Was the Champion of Makhleb.
             Mangled by an anubis guard
             ... wielding a +3 falchion of protection
              (12 damage)
             ... in the Dungeon (Sprint V: "Ziggurat Sprint").
             The game lasted 00:06:04 (251 turns).

BluebellGnoll the Cleaver (Demonspawn Gladiator)     Turns: 251, Time: 00:06:04

Health: -8/77      AC: 21    Str: 30    XL:     9   Next: 69%
Magic:  21/21      EV:  0    Int: 10    God:    Makhleb [******]
Gold:   0          SH: 30    Dex: 17    Spells: 0 memorised, 8 levels left

rFire  + . .     SeeInvis +     M - +14 obsidian axe {chop, +Fly Str+3 SInv Curse} (curse)
rCold  + . .     Clarity  .     L - +5 gold dragon armour (curse)
rNeg   + + .     SustAb   .     N - +18 shield of the gong {rElec rN+ MR+ EV-5}
rPois  +         Gourm    .     c - +0 helmet
rElec  +         Spirit   .     (no cloak)
rCorr  .         Warding  +     (no gloves)
rMut   .         NoTele   +     (no boots)
MR     +....                    Q - amulet of warding
Stlth  ..........               u - +6 ring of strength
                                t - +6 ring of strength

@: lethally poisoned, mesmerised, non-regenerating, rotting, badly diseased,
slowed, drained, very slow, somewhat resistant to hostile enchantments,
extremely unstealthy
A: claws 1, talons 1, powered by death 1
a: Minor Destruction, Lesser Servant of Makhleb, Major Destruction, Greater
Servant of Makhleb, Renounce Religion, Evoke Flight


You were in the Dungeon.
You worshipped Makhleb.
Makhleb was exalted by your worship.
You were not hungry.

You visited 1 branch

Inventory:

Hand weapons
 a - a cursed +5 broad axe
 M - the cursed +14 obsidian axe (weapon) {chop, +Fly Str+3 SInv Curse}
   (You found it in the Dungeon)

   It inflicts extra damage upon your enemies.
   It affects your strength (+3).
   It enhances your eyesight.
   It lets you fly.
   It may recurse itself when equipped.
   It has a curse placed upon it.
Missiles
 d - 3 throwing nets (quivered)
Armour
 c - a +0 helmet (worn)
 L - a cursed +5 gold dragon armour (worn)
 N - the +18 shield of the gong (worn) {rElec rN+ MR+ EV-5}
   (You found it in the Dungeon)

   It affects your evasion (-5).
   It insulates you from electricity.
   It protects you from negative energy.
   It affects your resistance to hostile enchantments.
Rods
 p - a +7 iron rod (11/11)
   (You found it in the Dungeon)
Jewellery
 r - a cursed ring of sustain abilities
 t - a +6 ring of strength (left claw)
 u - a +6 ring of strength (right claw)
 Q - an amulet of warding (around neck)
Magical devices
 l - a wand of disintegration (7)
 m - a wand of fire (5)
 n - a wand of cold (5)
 o - a wand of draining (5)
Scrolls
 k - 4 scrolls of blinking
 y - 4 scrolls of amnesia
 z - 3 scrolls of recharging
 A - 7 scrolls of fog
 B - 5 scrolls of identify
 C - 5 scrolls of remove curse
 D - 2 scrolls of fear
Potions
 e - 10 potions of curing
 g - 10 potions of heal wounds
 h - 6 potions of haste
 i - 7 potions of magic
 j - 3 potions of berserk rage
 E - 2 potions of brilliance
 F - 2 potions of invisibility
 G - 2 potions of restore abilities
 H - 4 potions of resistance
 J - 5 potions of agility
 K - 5 potions of might
Books
 v - a tome of Destruction
Miscellaneous
 b - a phial of floods
 q - a lantern of shadows
 O - a lamp of fire
 P - a phantom mirror
Comestibles
 f - 5 bread rations
 s - 16 chunks of flesh
 w - 42 fruits
 x - 4 meat rations
 I - 3 poisonous chunks of flesh


   Skills:
 - Level 9.5(9.3) Fighting
 + Level 13.5(13.3) Axes
 - Level 1.7(1.6) Throwing
 - Level 6.7(6.5) Armour
 - Level 2.6(2.5) Dodging
 - Level 6.7(6.5) Shields
 * Level 9.3(9.1) Invocations
 * Level 7.8(7.6) Evocations


You had 8 spell levels left.
You didn't know any spells.

Dungeon Overview and Level Annotations

Branches:
Dungeon (1/1)

Altars:
Ashenzari
Cheibriados
Dithmenos
Elyvilon
Fedhas
Gozag
Kikubaaqudgha
Makhleb
Nemelex Xobeh
Okawaru
Qazlal
Ru
Sif Muna
Trog
Vehumet
Xom
Yredelemnul
Zin
The Shining One
Beogh
Jiyva
Lugonu


Innate Abilities, Weirdness & Mutations

You have sharp fingernails.
You have sharp toenails.
You can steal the life force of nearby defeated enemies.


Message History

Visions of slaying the anubis guard flood into your mind.
* * * LOW HITPOINT WARNING * * *
You feel sick.
The anubis guard breathes negative energy at you.
The bolt of negative energy hits you! You partially resist.
You feel drained.
* * * LOW HITPOINT WARNING * * *
Your blue devil hits the anubis guard but does no damage.
Your rust devil misses the anubis guard.
The anubis guard hits your blue devil but does no damage.
The anubis guard bites your blue devil but does no damage.
You cannot move away from the anubis guard!
You hit the anubis guard but do no damage.
Your kick misses the anubis guard.
The anubis guard is almost dead.
* * * LOW HITPOINT WARNING * * *
You feel sick.
Your blue devil barely misses the anubis guard.
Your rust devil closely misses the anubis guard.
The anubis guard hits you with a +3 falchion of protection!
You die...

▓.........▓.▓...▓.▓
▓.........▓.......▓
▓▓▓▓▓▓▓▓▓▓▓▓▓▓▓▓▓▓▓
▓...8©8...▓..8©8..▓
▓..?:??:..▓..=)3..▓
▓...):|...▓...3...▓
▓.........▓.......▓
▓4H4......▓.......▓
▓..@......▓.......▓
▓.........▓....†..▓
▓.▓.....▓.▓.▓...▓.▓
▓.........▓...†...▓
▓▓▓▓▓▓▓▓▓▓▓▓▓▓▓▓▓▓▓


You could see an anubis guard, a friendly rust devil and a friendly blue devil.

Vanquished Creatures
  A soul eater (D)
  A smoke demon (D)
  A guardian mummy (D)
  A jumping spider (D)
  2 tarantellas (D)
  An ushabti (D)
  A redback (D)
  A flying skull (D)
  4 spriggans (D)
  A wolf (D)
  A naga (D)
  An orc warrior (D)
  A water moccasin (D)
  3 necrophages (D)
  A wasp (D)
  A black bear (D)
  3 scorpions (D)
  An orc priest (D)
  3 orc wizards (D)
  3 mummies (D)
  2 adders (D)
  3 giant mites (D)
  3 orcs (D)
  A bat zombie (D)
  A giant gecko skeleton (D)
  A quokka zombie (D)
43 creatures vanquished.

Vanquished Creatures (collateral kills)
  An orc warrior (D)
  A necrophage (D)
  An orc priest (D)
  A giant cockroach zombie (D)
4 creatures vanquished.

Grand Total: 47 creatures vanquished

Notes
Turn   | Place    | Note
--------------------------------------------------------------
     0 | D        | BluebellGnoll, the Demonspawn Gladiator, began the quest for the Orb.
     0 | D        | Reached XP level 1. HP: 16/16 MP: 1/1
     0 | D        | Found a viscous altar of Jiyva.
     0 | D        | Found a corrupted altar of Lugonu.
     0 | D        | Found a white marble altar of Elyvilon.
     2 | D        | Found a sparkling altar of Nemelex Xobeh.
     2 | D        | Found a burning altar of Makhleb.
     4 | D        | Found a deep blue altar of Sif Muna.
     4 | D        | Found a bloodstained altar of Trog.
     7 | D        | Found an iron altar of Okawaru.
    13 | D        | Found a basalt altar of Yredelemnul.
    13 | D        | Found a radiant altar of Vehumet.
    48 | D        | Became a worshipper of Makhleb the Destroyer
    49 | D        | Reached skill level 6 in Armour
    49 | D        | Gained mutation: You can steal the life force of nearby defeated enemies. [demonic ancestry]
    49 | D        | Reached XP level 2. HP: 22/22 MP: 2/2
    53 | D        | Found a shimmering altar of Xom.
    69 | D        | Entered arena 1.
    69 | D        | Noticed a necrophage
    74 | D        | Killed a necrophage
    74 | D        | Reached skill level 5 in Axes
    74 | D        | Reached XP level 3. HP: 27/27 MP: 3/3
    74 | D        | Reached XP level 4. HP: 33/33 MP: 4/4
    80 | D        | Entered arena 2.
    80 | D        | Noticed an orc wizard
    83 | D        | Killed an orc wizard
    83 | D        | Acquired Makhleb's first power
    84 | D        | Acquired Makhleb's second power
    93 | D        | Entered arena 3.
    93 | D        | Noticed a naga
    93 | D        | Noticed a water moccasin
    96 | D        | Gained mutation: You have sharp fingernails. [demonic ancestry]
    96 | D        | Reached XP level 5. HP: 38/38 MP: 5/5
   100 | D        | Killed a water moccasin
   100 | D        | Acquired Makhleb's third power
   100 | D        | Reached skill level 8 in Axes
   100 | D        | Reached skill level 5 in Shields
   104 | D        | Killed a naga
   104 | D        | Reached skill level 9 in Axes
   104 | D        | Reached XP level 6. HP: 44/44 MP: 6/6
   110 | D        | Entered arena 4.
   110 | D        | Noticed a tarantella
   110 | D        | Noticed a scorpion
   113 | D        | Killed a scorpion
   113 | D        | Acquired Makhleb's fourth power
   119 | D        | Killed a tarantella
   119 | D        | Reached skill level 5 in Fighting
   119 | D        | Reached skill level 10 in Axes
   119 | D        | Gained mutation: You have sharp toenails. [demonic ancestry]
   119 | D        | Reached XP level 7. HP: 51/56 MP: 7/7
   126 | D        | Entered arena 5.
   126 | D        | Noticed a necrophage
   126 | D        | Noticed a necrophage
   126 | D        | Noticed a necrophage
   130 | D        | Noticed a soul eater
   131 | D        | Killed a necrophage
   132 | D        | Killed a necrophage
   132 | D        | Reached skill level 11 in Axes
   133 | D        | Killed a necrophage
   133 | D        | Acquired Makhleb's fifth power
   140 | D        | Killed a soul eater
   143 | D        | Entered arena 6.
   143 | D        | Noticed a spriggan rider
   143 | D        | Noticed a black bear
   143 | D        | Noticed a spriggan
   143 | D        | Noticed a spriggan
   143 | D        | Noticed a spriggan
   143 | D        | Noticed a wolf
   146 | D        | Killed a spriggan
   146 | D        | Reached XP level 8. HP: 65/67 MP: 8/8
   146 | D        | Killed a wolf
   147 | D        | Killed a spriggan
   147 | D        | Reached skill level 12 in Axes
   147 | D        | Killed a wasp
   149 | D        | Killed a black bear
   150 | D        | Killed a spriggan
   152 | D        | Killed a spriggan
   152 | D        | Reached skill level 13 in Axes
   166 | D        | Entered arena 7.
   166 | D        | Noticed a scorpion
   166 | D        | Noticed a jumping spider
   166 | D        | Noticed a tarantella
   166 | D        | Noticed a redback
   166 | D        | Noticed a scorpion
   172 | D        | Killed a scorpion
   172 | D        | Reached skill level 1 in Invocations
   172 | D        | Reached skill level 1 in Evocations
   172 | D        | Killed a redback
   172 | D        | Reached XP level 9. HP: 77/77 MP: 9/15
   174 | D        | Killed a tarantella
   174 | D        | Reached skill level 5 in Invocations
   177 | D        | Killed a scorpion
   178 | D        | Killed a jumping spider
   178 | D        | Reached skill level 5 in Evocations
   206 | D        | Entered arena 8.
   206 | D        | Noticed an orc priest
   206 | D        | Noticed an orc priest
   206 | D        | Noticed an orc wizard
   206 | D        | Noticed an orc wizard
   206 | D        | Noticed an orc warrior
   206 | D        | Noticed an orc warrior
   212 | D        | Killed an orc priest
   213 | D        | Killed an orc warrior
   214 | D        | Killed an orc warrior
   214 | D        | Killed an orc wizard
   214 | D        | Killed an orc wizard
   216 | D        | Killed an orc priest
   237 | D        | Entered arena 9.
   237 | D        | Noticed a guardian mummy
   237 | D        | Noticed a flying skull
   237 | D        | Noticed an anubis guard
   237 | D        | Noticed an ushabti
   241 | D        | Killed a flying skull
   244 | D        | Killed a guardian mummy
   245 | D        | Noticed a smoke demon
   248 | D        | Killed an ushabti
   250 | D        | Killed a smoke demon
   251 | D        | Mangled by an anubis guard

Action                   |  1- 3 |  4- 6 |  7- 9 || total
-------------------------+-------+-------+-------++-------
Melee: Broad axe         |     5 |    19 |    44 ||    68
  Use: Potion            |     1 |       |       ||     1
